[Event "Titled Tuesday Blitz December 27 Early 2022"]
[White "Minko, Dmitry"]
[Black "Mohammadian, Mohammad"]
[WhiteFideId "24188468"]
[BlackFideId "12566055"]
[WhiteElo "2247"]
[BlackElo "1398"]
[Result "1-0"]
[Round "02"]
[TimeControl "180+2"]
[Date "2022.12.27"]
[WhiteClock "0:01:34"]
[BlackClock "0:00:17"]

1. e4 e5 2. Nf3 Nc6 3. d4 exd4 4. Nxd4 Bc5 5. Be3 Qf6 6. c3 Nge7 7. g3 d5 8. Bg2 dxe4 9. Nb5 Bxe3 10. Nxc7+ Kf8 11. fxe3 Rb8 12. Nd5 Nxd5 13. Qxd5 Be6 14. Qxe4 Re8 15. Qf3 Qxf3 16. Bxf3 Bh3 17. Kf2 Ne5 18. Rd1 Nxf3 19. Kxf3 h5 20. Rd4 Bg4+ 21. Kf2 g6 22. Nd2 Kg7 23. e4 Re7 24. Re1 Rhe8 25. Nf3 Bxf3 26. Kxf3 f5 27. Kf4 fxe4 28. Rexe4 Rxe4+ 29. Rxe4 g5+ 30. Ke3 Rxe4+ 31. Kxe4 Kf6 32. h4 gxh4 33. gxh4 Ke6 34. Kf4 Kf6 35. c4 a5 36. b3 b6 37. a3 Kg6 38. Ke5 Kg7 39. b4 axb4 40. axb4 Kg6 41. c5 bxc5 42. bxc5 Kf7 43. Kd6 Ke8 44. Kc7 Ke7 45. Kb7 Ke6 46. c6 Kf5 47. c7 Kg4 48. c8=Q+ Kxh4 49. Qc1 Kg3 50. Qh1 h4 51. Kc6 h3 52. Kd5 h2 53. Ke4 Kh3 54. Kf4 Kh4 55. Qxh2# 1-0


[Site "https://www.chess.com"]

[Event "Titled Tuesday Blitz December 27 Early 2022"]
[White "Mischuk, Dmitry"]
[Black "Tarasova, Viktoriya"]
[WhiteFideId "14118734"]
[BlackFideId "4175840"]
[WhiteElo "2298"]
[BlackElo "2226"]
[Result "1-0"]
[Round "02"]
[TimeControl "180+2"]
[Date "2022.12.27"]
[WhiteClock "0:01:01"]
[BlackClock "0:00:02"]

1. d4 Nf6 2. c4 e6 3. Nc3 Bb4 4. Qc2 O-O 5. Nf3 c5 6. dxc5 Na6 7. Bf4 Re8 8. e3 Nxc5 9. Be2 Nce4 10. O-O Bxc3 11. bxc3 Qa5 12. Rac1 e5 13. Bg3 Nxg3 14. hxg3 d6 15. Rfd1 Qc5 16. Qb3 Qc7 17. Qb4 Rd8 18. c5 d5 19. c4 Be6 20. cxd5 Bxd5 21. a4 Rac8 22. Qb2 Re8 23. Bb5 Re7 24. Rd2 a6 25. Be2 Bc6 26. Qb4 Ne4 27. Rdd1 h6 28. a5 Nf6 29. Qb6 Qxb6 30. cxb6 Ree8 31. Rc5 Nd7 32. Rc3 Nf6 33. Rdc1 Bd7 34. Rc7 1-0


[Site "https://www.chess.com"]

[Event "Titled Tuesday Blitz December 27 Early 2022"]
[White "Moral Garcia, Serafin"]
[Black "Jaracz, Pawel"]
[WhiteFideId "2201925"]
[BlackFideId "1102222"]
[WhiteElo "2238"]
[BlackElo "2467"]
[Result "1-0"]
[Round "02"]
[TimeControl "180+2"]
[Date "2022.12.27"]
[WhiteClock "0:00:50"]
[BlackClock "0:00:40"]

1. c4 e6 2. Nf3 Nf6 3. b3 d5 4. Bb2 a5 5. e3 Be7 6. Nc3 O-O 7. Be2 Nc6 8. d4 Ne4 9. O-O Bb4 10. Nxe4 dxe4 11. Nd2 f5 12. f3 exf3 13. Bxf3 Qg5 14. Qe2 Bd7 15. a3 Bxd2 16. Qxd2 Rae8 17. Rae1 b6 18. Qd3 Re7 19. e4 fxe4 20. Bxe4 Rxf1+ 21. Rxf1 Qh5 22. Bxh7+ Qxh7 23. Rf8+ Kxf8 24. Qxh7 Rf7 25. Qh8+ Ke7 26. d5 exd5 27. cxd5 Nd8 28. Bxg7 Kd6 29. Bf6 1-0


[Site "https://www.chess.com"]

[Event "Titled Tuesday Blitz December 27 Early 2022"]
[White "Moroni, Luca Jr"]
[Black "gshwbedhkhd"]
[WhiteFideId "865834"]
[WhiteElo "2535"]
[BlackElo "2577"]
[Result "1-0"]
[Round "02"]
[TimeControl "180+2"]
[Date "2022.12.27"]
[WhiteClock "0:00:27"]
[BlackClock "0:00:02"]

1. d4 f5 2. Nf3 Nf6 3. g3 g6 4. Bg2 Bg7 5. b3 O-O 6. Bb2 d6 7. O-O Ne4 8. c4 Nc6 9. Nc3 Nxc3 10. Bxc3 e5 11. dxe5 dxe5 12. Qd5+ Kh8 13. Qxd8 Rxd8 14. Ng5 Rf8 15. Bxc6 bxc6 16. Rfd1 h6 17. Nf3 Re8 18. Rd2 Bf6 19. Rad1 Kg7 20. Ba5 e4 21. Nd4 Bb7 22. e3 Rac8 23. b4 Kf7 24. Nb3 Ba6 25. Rc1 Be7 26. a4 Red8 27. Rxd8 Rxd8 28. b5 Bb7 29. Bxc7 Rc8 30. Be5 cxb5 31. axb5 a6 32. Na5 Ba8 33. b6 Rc5 34. Bc7 Rxa5 35. b7 Bxb7 36. Bxa5 Bc6 37. Rb1 Ke6 38. Rb6 1-0


[Site "https://www.chess.com"]

[Event "Titled Tuesday Blitz December 27 Early 2022"]
[White "Mortazavi, Ali"]
[Black "Rose, Felix"]
[WhiteFideId "401323"]
[BlackFideId "5105722"]
[WhiteElo "2333"]
[BlackElo "2091"]
[Result "1-0"]
[Round "02"]
[TimeControl "180+2"]
[Date "2022.12.27"]
[WhiteClock "0:00:41"]
[BlackClock "0:01:00"]

1. e4 c5 2. Nc3 e6 3. Nf3 a6 4. g3 b5 5. Bg2 Bb7 6. d3 Nc6 7. O-O Rc8 8. Re1 d6 9. d4 cxd4 10. Nxd4 Nf6 11. a4 b4 12. Nxc6 Bxc6 13. Nd5 Be7 14. Nxb4 O-O 15. Nxc6 Rxc6 16. e5 Nd5 17. Bxd5 exd5 18. e6 fxe6 19. Rxe6 Qb6 20. Be3 d4 21. Bxd4 Qc7 22. c3 Rb8 23. Qg4 Bf8 24. Rae1 Rxb2 25. Re7 1-0


[Site "https://www.chess.com"]

[Event "Titled Tuesday Blitz December 27 Early 2022"]
[White "Moskvin, Anatoly"]
[Black "Korchmar, Vasiliy"]
[WhiteFideId "24199990"]
[BlackFideId "24131750"]
[WhiteElo "2189"]
[BlackElo "2438"]
[Result "1-0"]
[Round "02"]
[TimeControl "180+2"]
[Date "2022.12.27"]
[WhiteClock "0:00:36"]
[BlackClock "0:00:08"]

1. e4 c5 2. Nf3 d6 3. d4 cxd4 4. Nxd4 Nf6 5. f3 e5 6. Bb5+ Nbd7 7. Ne2 d5 8. exd5 Bc5 9. Bg5 O-O 10. Nbc3 Qb6 11. Bh4 a6 12. Bd3 Qxb2 13. Rb1 Qa3 14. Rb3 Qa5 15. Qd2 Qc7 16. g4 Bd4 17. Bg3 Ba7 18. h4 Nc5 19. h5 Nxb3 20. cxb3 Qe7 21. Bh4 Qd6 22. Bb1 Bd7 23. Qd3 g6 24. Bxf6 Qxf6 25. Ne4 Qe7 26. g5 Bb5 27. Qd2 f5 28. gxf6 Rxf6 29. d6 Qe6 30. Qd5 1-0


[Site "https://www.chess.com"]

[Event "Titled Tuesday Blitz December 27 Early 2022"]
[White "Movahed, Sina"]
[Black "Ezat, Mohamed"]
[WhiteFideId "42520835"]
[BlackFideId "10600906"]
[WhiteElo "2340"]
[BlackElo "2402"]
[Result "1-0"]
[Round "02"]
[TimeControl "180+2"]
[Date "2022.12.27"]
[WhiteClock "0:01:17"]
[BlackClock "0:00:01"]

1. e4 c6 2. Nf3 d5 3. e5 c5 4. c3 Nc6 5. h3 Bf5 6. d4 e6 7. Be2 Nge7 8. O-O Be4 9. Nbd2 Bxf3 10. Nxf3 Ng6 11. Be3 Qb6 12. Rb1 Be7 13. g3 O-O 14. h4 f5 15. h5 Nh8 16. c4 cxd4 17. Nxd4 Nxd4 18. Bxd4 Qd8 19. cxd5 Qxd5 20. Bf3 Qxa2 21. Qd3 Rad8 22. Rfd1 Bc5 23. Ra1 Qxa1 24. Rxa1 Bxd4 25. Qb3 Rfe8 26. Bxb7 Nf7 27. Kg2 Rb8 28. Ra4 Bb6 29. Bc6 Re7 30. f4 Nh6 31. Bf3 Kf7 32. Kh3 Rd8 33. Rc4 g5 34. fxg5 Ng8 35. Rc6 Ree8 36. h6 Re7 37. Bh5+ Kf8 38. Rxe6 Rxe6 39. Qxe6 1-0


[Site "https://www.chess.com"]

[Event "Titled Tuesday Blitz December 27 Early 2022"]
[White "Musovic, Armin"]
[Black "Gorodetzky, David"]
[WhiteFideId "939935"]
[BlackFideId "2813416"]
[WhiteElo "2261"]
[BlackElo "2485"]
[Result "0-1"]
[Round "02"]
[TimeControl "180+2"]
[Date "2022.12.27"]
[WhiteClock "0:00:33"]
[BlackClock "0:00:04"]

1. a3 g6 2. Nc3 Bg7 3. e4 e5 4. Bc4 Ne7 5. d3 c6 6. Bg5 h6 7. Bh4 d6 8. Nge2 O-O 9. O-O Kh7 10. h3 g5 11. Bg3 f5 12. f3 d5 13. Ba2 f4 14. Bh2 d4 15. Nb1 c5 16. Nd2 Nbc6 17. Kh1 h5 18. Ng1 Ng6 19. Re1 Nh4 20. Qe2 Rf6 21. Nf1 g4 22. fxg4 hxg4 23. hxg4 Rg6 24. g3 Bxg4 25. Qf2 fxg3 26. Bxg3 Qg5 27. Nh2 Rf8 28. Bxh4 Rxf2 29. Bxg5 Rxg5 30. Nxg4 Rh5+ 31. Nh3 Rxh3+ 32. Kg1 Rxc2 33. Be6 Rxd3 34. Rac1 Rxb2 35. Rxc5 Rxa3 36. Bf5+ Kh8 37. Rd5 Rg3+ 38. Kh1 Rh3+ 39. Kg1 Bh6 40. Rd7 Be3+ 41. Nxe3 Rxe3 42. Rd1 Rg3+ 43. Kh1 a5 44. Rf1 Rg7 45. Rd6 Rf7 46. Rg1 Rg7 47. Rh6+ Kg8 48. Be6+ Kf8 0-1


[Site "https://www.chess.com"]

[Event "Titled Tuesday Blitz December 27 Early 2022"]
[White "Najdin, Danil"]
[Black "Narayanan.S.L"]
[WhiteFideId "4172426"]
[BlackFideId "5058422"]
[WhiteElo "2235"]
[BlackElo "2660"]
[Result "1-0"]
[Round "02"]
[TimeControl "180+2"]
[Date "2022.12.27"]
[WhiteClock "0:00:14"]
[BlackClock "0:00:17"]

1. e4 Nc6 2. d4 d5 3. Nc3 dxe4 4. d5 Ne5 5. Bf4 Ng6 6. Bg3 f5 7. h4 h5 8. Nh3 Nf6 9. Nb5 e5 10. dxe6 Bd6 11. Nxd6+ cxd6 12. Bxd6 Bxe6 13. Ng5 Qd7 14. Nxe6 Qxe6 15. Bb5+ Kf7 16. Qd4 Rhc8 17. b3 Rxc2 18. Bc4 Rxc4 19. Qxc4 Rc8 20. Qxe6+ Kxe6 21. Bh2 f4 22. O-O Kf5 23. Rfc1 Rd8 24. Rd1 Rd3 25. f3 Ne5 26. fxe4+ Nxe4 27. Rxd3 Nxd3 28. Rd1 Nec5 29. Kf1 a5 30. Ke2 Ke4 31. Bg1 b6 32. Bxc5 Nxc5 33. Rd6 b5 34. Rb6 b4 35. Rb5 Ne6 36. Rxa5 Nd4+ 37. Kf2 Nf5 38. Rb5 Nxh4 39. Rxb4+ Kf5 40. a4 g5 41. a5 g4 42. a6 g3+ 43. Kf1 Nxg2 44. Kxg2 h4 45. a7 1-0


[Site "https://www.chess.com"]

[Event "Titled Tuesday Blitz December 27 Early 2022"]
[White "Odegov, Artem"]
[Black "Rengifo Blancas, Renzo Jhonathan"]
[WhiteFideId "34183644"]
[BlackFideId "3807185"]
[WhiteElo "2261"]
[BlackElo "2131"]
[Result "1-0"]
[Round "02"]
[TimeControl "180+2"]
[Date "2022.12.27"]
[WhiteClock "0:01:56"]
[BlackClock "0:00:14"]

1. d4 d5 2. c4 e6 3. Nc3 Nf6 4. Bg5 Be7 5. Nf3 h6 6. Bxf6 Bxf6 7. e3 b6 8. Qc2 Bb7 9. cxd5 exd5 10. O-O-O Nd7 11. h4 Qe7 12. Kb1 a6 13. Be2 O-O-O 14. Rc1 Kb8 15. g4 Rc8 16. Qf5 Qe6 17. Bd3 c5 18. Qf4+ Ka7 19. Bf5 Qe7 20. Rhd1 c4 21. g5 hxg5 22. hxg5 Bxg5 23. Nxg5 Rh5 24. Nf3 g5 25. Qg3 Rc7 26. Qxc7 1-0


[Site "https://www.chess.com"]

[Event "Titled Tuesday Blitz December 27 Early 2022"]
[White "Ordekalog"]
[Black "Shubenkova, Veronika"]
[BlackFideId "44124040"]
[WhiteElo "2826"]
[BlackElo "1960"]
[Result "1-0"]
[Round "02"]
[TimeControl "180+2"]
[Date "2022.12.27"]
[WhiteClock "0:00:16"]
[BlackClock "0:00:15"]

1. e4 c6 2. d4 d5 3. Nd2 dxe4 4. Nxe4 Bf5 5. Bd3 Bxe4 6. Bxe4 Nf6 7. Bf3 e6 8. Ne2 Nbd7 9. O-O Be7 10. c3 O-O 11. Be3 Qa5 12. Qc2 Nd5 13. Bd2 Qc7 14. c4 N5f6 15. Rfe1 e5 16. Rad1 Rfe8 17. Bc3 e4 18. Bxe4 Bd6 19. Ng3 Nxe4 20. Rxe4 Nf6 21. Ree1 Bf4 22. Qf5 Bxg3 23. hxg3 Qd6 24. a3 Nd7 25. Qg4 Nf6 26. Qf3 Rad8 27. g4 h6 28. Qf5 Nh7 29. d5 Rxe1+ 30. Rxe1 cxd5 31. cxd5 Nf8 32. Bb4 Qc7 33. Re7 Qc1+ 34. Kh2 f6 35. Bc3 Qd1 36. Rxg7+ Kh8 37. Qxf6 Qxd5 38. Rh7+ Kxh7 39. Qg7# 1-0


[Site "https://www.chess.com"]

[Event "Titled Tuesday Blitz December 27 Early 2022"]
[White "Oro, Faustino"]
[Black "Albertini, Luca"]
[WhiteFideId "20000197"]
[BlackFideId "847038"]
[WhiteElo "2269"]
[BlackElo "2084"]
[Result "0-1"]
[Round "02"]
[TimeControl "180+2"]
[Date "2022.12.27"]
[WhiteClock "0:00:04"]
[BlackClock "0:00:09"]

1. e4 d6 2. d4 g6 3. Nc3 Nf6 4. f4 Bg7 5. Nf3 O-O 6. Bd3 Nbd7 7. O-O Re8 8. e5 Ng4 9. e6 fxe6 10. Ng5 Ndf6 11. Qe2 Qd7 12. Re1 Nh6 13. Nxe6 Qxe6 14. Qxe6+ Bxe6 15. Rxe6 d5 16. Bd2 c6 17. Rae1 Kf7 18. R6e2 Nf5 19. Na4 Nxd4 20. Rf2 b6 21. h3 Nf5 22. g4 Nd6 23. Rfe2 Nfe4 24. Nc3 Nxd2 25. Rxd2 Bd4+ 26. Kg2 e5 27. fxe5 Bxe5 28. Rf2+ Kg7 29. Ref1 Bd4 30. Rf3 Bxc3 31. bxc3 Re7 32. Kg3 Rae8 33. h4 Re3 34. h5 gxh5 35. gxh5 R8e7 36. Kh4 c5 37. h6+ Kxh6 38. Rf6+ Kg7 39. Rxd6 c4 40. Rg1+ Kf8 41. Rd8+ Kf7 42. Bxh7 Kf6 43. Rf1+ Ke5 44. Rf5+ Ke6 45. Bg8+ Kxf5 46. Rxd5+ Ke4 47. Rd4+ Kf3 48. Bxc4 Rh7+ 49. Kg5 Rhe7 50. Kf6 R3e5 51. Bd5+ Kf2 52. c4 Re3 53. Rd3 Rc7 54. Rxe3 Kxe3 55. Ke5 Rc5 56. Kd6 Kd2 57. Kd7 Kc3 58. Kd8 Kb4 59. Kd7 Kc3 60. Kd6 Kxc2 61. Ke5 Kc3 62. Kd6 Kb2 63. Kd7 Kxa2 64. Kd8 Kb3 0-1


[Site "https://www.chess.com"]

[Event "Titled Tuesday Blitz December 27 Early 2022"]
[White "Orozbaev, Eldiar"]
[Black "Barp, Alberto"]
[WhiteFideId "13802240"]
[BlackFideId "872555"]
[WhiteElo "2235"]
[BlackElo "2432"]
[Result "0-1"]
[Round "02"]
[TimeControl "180+2"]
[Date "2022.12.27"]
[WhiteClock "0:00:02"]
[BlackClock "0:00:15"]

1. e4 e6 2. d4 d5 3. Nd2 c5 4. Ngf3 cxd4 5. Nxd4 Nc6 6. Bb5 Bd7 7. Nxc6 bxc6 8. Bd3 Bd6 9. Qe2 Ne7 10. O-O Ng6 11. g3 Ne5 12. f4 Nxd3 13. cxd3 O-O 14. Nf3 c5 15. Be3 Bc6 16. e5 Be7 17. Rac1 d4 18. Bf2 Qd5 19. Be1 Qxa2 20. Nxd4 Bb7 21. Nf3 Qd5 22. Bc3 Rfd8 23. Rcd1 Rd7 24. Kg2 Rad8 25. g4 c4 26. d4 a5 27. Kg3 Bb4 28. Ng5 h6 29. Nf3 Bxc3 30. bxc3 Ba8 31. Nd2 Rc8 32. Ra1 Rb7 33. Ra2 Rb3 34. Rc1 Rcb8 35. Nxc4 Qxd4 36. Ne3 Rxc3 37. Rxc3 Qxc3 38. Kf2 Qd4 39. Qc4 Qxc4 40. Nxc4 Bd5 41. Ra4 Rb4 42. Rxb4 axb4 43. Nb2 f6 44. Ke3 Kf7 45. Kd4 g5 46. fxg5 hxg5 47. Nd3 b3 48. Kc3 fxe5 49. Nxe5+ Kf6 50. Nd7+ Ke7 51. Nb6 Kd6 52. Nc8+ Ke5 53. Ne7 Kf4 54. h3 Kg3 55. Ng8 Kxh3 56. Nf6 Kg3 57. Kb2 Kf4 58. Kc3 Ke5 59. Nh7 Kf4 60. Nf6 Bc4 61. Kb2 e5 62. Kc3 Be6 63. Kb2 e4 64. Kc3 e3 65. Nh5+ Kf3 0-1


[Site "https://www.chess.com"]

[Event "Titled Tuesday Blitz December 27 Early 2022"]
[White "Ovchinnikov, Vsevolod"]
[Black "Kilic, Eray"]
[WhiteFideId "24176842"]
[BlackFideId "44517173"]
[WhiteElo "2426"]
[BlackElo "2414"]
[Result "0-1"]
[Round "02"]
[TimeControl "180+2"]
[Date "2022.12.27"]
[WhiteClock "0:00:05"]
[BlackClock "0:00:16"]

1. d4 Nf6 2. c4 g6 3. Nc3 d5 4. Nf3 Bg7 5. h4 h5 6. Bg5 dxc4 7. e4 O-O 8. Bxc4 Nc6 9. e5 Ng4 10. O-O Bf5 11. a3 Kh8 12. Re1 a6 13. Ba2 Qd7 14. Qd2 Rad8 15. Rad1 f6 16. e6 Qc8 17. Bf4 Nce5 18. Qe2 Nxf3+ 19. gxf3 Nh6 20. Qe3 Kh7 21. Kh1 c6 22. Rg1 Rg8 23. Bb3 Bf8 24. Rg3 c5 25. d5 c4 26. Ba2 Bc2 27. Rdg1 Nf5 28. Qd2 Nxg3+ 29. fxg3 Bd3 30. Qe3 b5 31. g4 a5 32. gxh5 gxh5 33. Rxg8 Kxg8 34. Qg1+ Kh7 35. Bb1 Bh6 36. Bxh6 Kxh6 37. Bxd3 cxd3 38. Qe3+ Kg7 39. Qxd3 Rg8 40. Qf5 Qe8 41. d6 exd6 42. Nd5 Qg6 43. Qxg6+ Kxg6 44. Ne7+ Kg7 45. Nxg8 Kxg8 46. Kg2 Kf8 47. f4 f5 48. Kf3 Ke7 49. Ke3 Kxe6 50. Kd4 a4 51. Kc3 Kd5 52. Kb4 Ke4 53. Kxb5 d5 54. Kxa4 d4 55. Kb3 d3 56. a4 Ke3 57. a5 d2 58. Kc2 Ke2 59. a6 d1=Q+ 60. Kc3 Qd3+ 0-1


[Site "https://www.chess.com"]

[Event "Titled Tuesday Blitz December 27 Early 2022"]
[White "Ozates, Tuna"]
[Black "Alice, Mateus Felizardo Viageiro"]
[WhiteFideId "6354521"]
[BlackFideId "14800047"]
[WhiteElo "2251"]
[BlackElo "2202"]
[Result "0-1"]
[Round "02"]
[TimeControl "180+2"]
[Date "2022.12.27"]
[WhiteClock "0:01:31"]
[BlackClock "0:01:22"]

1. e4 c5 2. Nf3 d6 3. Bb5+ Bd7 4. Bxd7+ Qxd7 5. O-O Nc6 6. c3 g6 7. d4 cxd4 8. cxd4 Bg7 9. Nc3 Nf6 10. Bg5 O-O 11. Re1 Rfc8 12. Qd2 e6 13. Rad1 Na5 14. e5 Nc4 15. Qe2 Ne8 16. Ne4 d5 17. Nf6+ Nxf6 18. exf6 Bf8 19. Ne5 Qc7 20. Rc1 Qa5 21. Rxc4 dxc4 22. Qe3 Rd8 23. Rd1 Qxa2 24. Bh6 Qb3 25. Rd3 cxd3 26. h4 Qd1+ 27. Kh2 Qe2 28. Qg5 Qh5 0-1


[Site "https://www.chess.com"]

[Event "Titled Tuesday Blitz December 27 Early 2022"]
[White "Ozen, Bahadir"]
[Black "Iskusnyh, Sergei"]
[WhiteFideId "6337058"]
[BlackFideId "4120027"]
[WhiteElo "2369"]
[BlackElo "2440"]
[Result "1-0"]
[Round "02"]
[TimeControl "180+2"]
[Date "2022.12.27"]
[WhiteClock "0:00:19"]
[BlackClock "0:00:00"]

1. g3 d5 2. Nf3 Nf6 3. Bg2 c6 4. O-O Bf5 5. d3 e6 6. Nh4 Bg6 7. Nxg6 hxg6 8. Nd2 Be7 9. e4 dxe4 10. dxe4 e5 11. Qe2 Nbd7 12. Nb3 Qc7 13. Be3 O-O 14. a4 Rfe8 15. Rfd1 Nf8 16. c3 Ne6 17. Bh3 Bf8 18. f3 Nd7 19. Bxe6 Rxe6 20. a5 Ree8 21. Qd3 Red8 22. Qc4 b5 23. axb6 axb6 24. Kg2 b5 25. Qe2 Nb6 26. Nd2 Na4 27. Nb3 Rxd1 28. Rxd1 Rd8 29. Rxd8 Qxd8 30. Qc2 c5 31. Nd2 c4 32. Nxc4 Nxc3 33. Qxc3 bxc4 34. Qxc4 Qb8 35. b3 Be7 36. Bd2 Qd8 37. Be1 Qd1 38. Bf2 Qb1 39. Qc8+ Kh7 40. Qb7 1-0


[Site "https://www.chess.com"]

[Event "Titled Tuesday Blitz December 27 Early 2022"]
[White "Pakleza, Zbigniew"]
[Black "Nguyen Hong Nhung"]
[WhiteFideId "1119290"]
[BlackFideId "12412201"]
[WhiteElo "2494"]
[BlackElo "2003"]
[Result "1-0"]
[Round "02"]
[TimeControl "180+2"]
[Date "2022.12.27"]
[WhiteClock "0:00:51"]
[BlackClock "0:00:27"]

1. d4 f5 2. Nf3 Nf6 3. c4 g6 4. Nc3 Bg7 5. e3 O-O 6. Be2 d6 7. b4 Qe8 8. O-O e5 9. a4 e4 10. Nd2 Nc6 11. b5 Nd8 12. Ba3 Be6 13. c5 dxc5 14. Bxc5 Rf7 15. Rc1 Rd7 16. Qc2 Nf7 17. Rfd1 g5 18. a5 Nd5 19. Nxd5 Bxd5 20. Bc4 Qe6 21. Bxd5 Qxd5 22. Qc4 b6 23. Bb4 Qxc4 24. Rxc4 Nd6 25. Bxd6 cxd6 26. a6 d5 27. Rc6 Kf7 28. Rdc1 Ke7 29. Kf1 Rad8 30. Ke2 f4 31. Rc7 Rb8 32. R1c6 Kd8 33. Rxd7+ Kxd7 34. Nb1 g4 35. Nc3 f3+ 36. Kf1 fxg2+ 37. Kxg2 Bf6 38. Nxd5 Bh4 39. Rh6 Bg5 40. Rxh7+ Kd6 41. Nc3 Ra8 42. Nxe4+ 1-0


[Site "https://www.chess.com"]

[Event "Titled Tuesday Blitz December 27 Early 2022"]
[White "Peatman, Carter"]
[Black "Ohanyan, Emin"]
[WhiteFideId "2096480"]
[BlackFideId "13312022"]
[WhiteElo "1998"]
[BlackElo "2444"]
[Result "1-0"]
[Round "02"]
[TimeControl "180+2"]
[Date "2022.12.27"]
[WhiteClock "0:02:32"]
[BlackClock "0:02:32"]

1. d4 d5 2. Bf4 c6 3. e3 Nf6 4. c4 e6 5. Nc3 Bd6 6. Bg3 O-O 7. Nf3 Bd7 8. Bxd6 Re8 9. Bg3 dxc4 10. Bxc4 b5 11. Bd3 a5 12. Ne4 Bc8 13. Rc1 Nbd7 14. Nd6 Rf8 15. Rxc6 1-0


[Site "https://www.chess.com"]

[Event "Titled Tuesday Blitz December 27 Early 2022"]
[White "Postnikov, Artem"]
[Black "Kovacevic, Radmila"]
[WhiteFideId "34153575"]
[BlackFideId "933171"]
[WhiteElo "2197"]
[BlackElo "2106"]
[Result "1-0"]
[Round "02"]
[TimeControl "180+2"]
[Date "2022.12.27"]
[WhiteClock "0:00:12"]
[BlackClock "0:00:05"]

1. d4 e5 2. dxe5 Nc6 3. Nf3 Qe7 4. g3 Nxe5 5. Nxe5 Qxe5 6. Bg2 h5 7. h3 h4 8. g4 c6 9. Nd2 Bb4 10. c3 Be7 11. Nf3 Qc7 12. Qd4 Bf6 13. Qe4+ Be7 14. Bf4 Qa5 15. Bd6 Rh6 16. Bxe7 Nxe7 17. O-O d5 18. Qd4 f6 19. g5 Nf5 20. Qf4 Rg6 21. e4 Ne7 22. gxf6 Rxf6 23. Qxh4 dxe4 24. Ng5 Bf5 25. Nxe4 Bxe4 26. Qxe4 Kf7 27. Rae1 Nf5 28. Qc4+ Kf8 29. Re6 Qd8 30. Rfe1 Nd6 31. Qc5 Kg8 32. Rxf6 Qxf6 33. Rd1 Nf5 34. Rd3 Nh4 35. Qc4+ Kh8 36. Qg4 Re8 37. Qh5+ Qh6 38. Qxe8+ Kh7 39. Qe4+ Ng6 40. Rd6 Qc1+ 41. Kh2 Qg5 42. Qxg6+ Qxg6 43. Rxg6 Kxg6 44. Kg3 Kg5 45. f4+ Kf5 46. Bf3 g5 47. fxg5 Kxg5 48. h4+ Kh6 49. Kg4 a5 50. c4 Kg6 51. c5 Kf6 52. h5 Kg7 53. Kg5 Kh7 54. Be4+ Kg7 55. h6+ Kh8 56. Kg6 Kg8 57. Bf5 a4 58. Kf6 Kh8 59. Ke7 a3 60. bxa3 Kg8 61. Kd7 Kf7 62. Kc7 1-0


[Site "https://www.chess.com"]

[Event "Titled Tuesday Blitz December 27 Early 2022"]
[White "Postnikov, Daniil"]
[Black "Sovetbekova, Nurai"]
[WhiteFideId "4166329"]
[BlackFideId "13801910"]
[WhiteElo "2360"]
[BlackElo "1764"]
[Result "1-0"]
[Round "02"]
[TimeControl "180+2"]
[Date "2022.12.27"]
[WhiteClock "0:00:17"]
[BlackClock "0:00:03"]

1. e4 c5 2. b4 cxb4 3. a3 e5 4. Bb2 Nc6 5. Nf3 Qc7 6. Bc4 Be7 7. O-O Nf6 8. d3 O-O 9. axb4 Bxb4 10. Nc3 d6 11. Nd5 Nxd5 12. Bxd5 Bg4 13. h3 Bh5 14. g4 Bg6 15. Nh4 Ne7 16. Bb3 Bc3 17. Bxc3 Qxc3 18. Nf5 Bxf5 19. gxf5 Kh8 20. Kh1 d5 21. f6 gxf6 22. Qf3 f5 23. exd5 e4 24. Qe3 Qe5 25. f4 Qd6 26. Rg1 f6 27. dxe4 fxe4 28. Qxe4 Ng6 29. Raf1 Rae8 30. Qf3 a5 31. c4 b6 32. Bc2 Qc5 33. Bxg6 hxg6 34. Rxg6 Rf7 35. Rh6+ Rh7 36. Rxh7+ Kxh7 37. Qh5+ Kg7 38. Qxe8 Qe3 39. Rg1+ Kh6 40. Qg6# 1-0


[Site "https://www.chess.com"]

[Event "Titled Tuesday Blitz December 27 Early 2022"]
[White "Qashashvili, Alexandre"]
[Black "Dimitrov, Atanas"]
[WhiteFideId "13600842"]
[BlackFideId "2901315"]
[WhiteElo "2505"]
[BlackElo "2269"]
[Result "1/2-1/2"]
[Round "02"]
[TimeControl "180+2"]
[Date "2022.12.27"]
[WhiteClock "0:00:48"]
[BlackClock "0:00:57"]

1. e4 c5 2. Nc3 Nc6 3. Nf3 d6 4. d4 cxd4 5. Nxd4 Bd7 6. Nxc6 Bxc6 7. Bd3 Nf6 8. O-O g6 9. Be3 Bg7 10. Qd2 Ng4 11. Bf4 O-O 12. h3 Ne5 13. Bh6 Nxd3 14. Bxg7 Kxg7 15. cxd3 e6 16. d4 Qf6 17. d5 exd5 18. Nxd5 Bxd5 19. Qxd5 b6 20. b3 Rfe8 21. Rad1 Rad8 22. Rfe1 Re5 23. Qd4 Ra5 24. Qxf6+ Kxf6 25. Rd2 Ke6 26. Red1 Re5 27. f3 f5 28. exf5+ gxf5 29. Kf2 d5 30. Re1 Rxe1 31. Kxe1 Ke5 32. g4 fxg4 33. hxg4 Rh8 34. Kf2 h5 35. gxh5 Rxh5 36. Ke3 Rh1 37. f4+ Ke6 38. Kd4 Re1 39. f5+ Kd6 40. Rf2 Re4+ 41. Kd3 Re7 42. f6 Rf7 43. Kd4 Ke6 1/2-1/2


[Site "https://www.chess.com"]

[Event "Titled Tuesday Blitz December 27 Early 2022"]
[White "Quinones Garcia, Santiago"]
[Black "Saleem, Arshaq"]
[WhiteFideId "4408497"]
[BlackFideId "2081857"]
[WhiteElo "2248"]
[BlackElo "2133"]
[Result "1-0"]
[Round "02"]
[TimeControl "180+2"]
[Date "2022.12.27"]
[WhiteClock "0:00:23"]
[BlackClock "0:00:02"]

1. d4 Nf6 2. c4 g6 3. Nc3 Bg7 4. e4 d6 5. Nf3 O-O 6. h3 e5 7. d5 Nh5 8. Be3 Na6 9. g3 Qe8 10. Be2 f5 11. exf5 gxf5 12. Nd2 Nf6 13. Qc2 Bd7 14. O-O-O c6 15. f4 cxd5 16. cxd5 Rc8 17. Kb1 exf4 18. Bxf4 Rxc3 19. Qxc3 Qxe2 20. Rhe1 Qb5 21. Re7 Nb4 22. Bxd6 Nbxd5 23. Rxg7+ Kxg7 24. Bxf8+ Kxf8 25. Qa3+ Kg7 26. Nb3 Qe2 27. Rc1 Qe4+ 28. Ka1 Ne3 29. Qc5 Bc6 30. Nd4 Bd5 31. a3 Kg6 32. Ne2 Nh5 33. Qd6+ Qe6 34. Qd8 Nc4 35. Nf4+ Nxf4 36. gxf4 Qe3 37. Qg5+ Kf7 38. Qxf5+ Ke7 39. Qxh7+ Bf7 40. Qc2 Qxf4 41. Re1+ Kf8 42. Qe2 Qf6 43. Rf1 1-0


[Site "https://www.chess.com"]

[Event "Titled Tuesday Blitz December 27 Early 2022"]
[White "Ratnesan, Ranesh"]
[Black "Moreno Perez, Tobias Sebastian"]
[WhiteFideId "439339"]
[BlackFideId "186716"]
[WhiteElo "2260"]
[BlackElo "2256"]
[Result "1-0"]
[Round "02"]
[TimeControl "180+2"]
[Date "2022.12.27"]
[WhiteClock "0:00:32"]
[BlackClock "0:00:01"]

1. d4 d5 2. c4 c6 3. Nf3 Nf6 4. e3 Bf5 5. Nc3 e6 6. Be2 h6 7. b3 Bb4 8. Bb2 Qa5 9. Rc1 Ne4 10. a3 Nxc3 11. axb4 Nxd1 12. bxa5 Nxb2 13. Kd2 dxc4 14. bxc4 O-O 15. Kc3 Na4+ 16. Kb3 Nb6 17. axb6 axb6 18. Ra1 Nd7 19. Nd2 e5 20. e4 Bg6 21. dxe5 Nc5+ 22. Kc3 Nxe4+ 23. Nxe4 Bxe4 24. f3 Bf5 25. g4 Bg6 26. Bd3 Bxd3 27. Kxd3 Rad8+ 28. Ke3 Rfe8 29. f4 f6 30. Ke4 g5 31. Kf5 fxe5 32. fxg5 Rf8+ 33. Kxe5 hxg5 34. Rhf1 Rfe8+ 35. Kf5 Kg7 36. Kxg5 Re5+ 37. Kf4 Re2 38. Ra7 Rxh2 39. Rxb7+ Kg6 40. Kg3 Rc2 41. Rxb6 1-0


[Site "https://www.chess.com"]